Map: Eternal Empire LE

Players

Silky

  • Race: Zerg Zerg
  • Spawn Location: 1:00

Creature - Winner!

  • Race: Protoss Protoss
  • Spawn Location: 7:00

Event: DreamHack SC2 Masters 2020 Summer North America

VOD

Have the link to the VOD?

Description

Time

  • Played on: June 30, 2020, 3:23 p.m.
  • Length: 16:17

All games in this series

Show
View Real Time Build Order
Export as new Build Order

Silky Zerg 

Build Orders: Hatch First 

Get SALT Encoding   

  12  0:01  Drone  
  13  0:12  Overlord  
  13  0:17  Drone  
  14  0:31  Drone  
  14  0:35  Drone  
  16  0:49  Hatchery  
  15  0:52  Drone  
  15  0:56  Drone  
  17  0:59  Drone  
  18  1:10  Extractor  
  17  1:15  Spawning Pool  
  17  1:18  Drone  
  17  1:20  Drone  
  18  1:28  Drone  
  19  1:39  Drone  
  20  1:49  Overlord  
  20  2:01  Queen x2  
  20  2:02  Zergling x4  
  26  2:11  Drone  
  26  2:12  Drone  
  26  2:13  Metabolic Boost  
  28  2:22  Drone  
  29  2:25  Drone  
  30  2:33  Drone x2  
  32  2:41  Hatchery  
  31  2:45  Overlord  
  31  2:52  Queen  
  31  2:55  Drone  
  34  2:59  Drone  
  34  3:00  Drone  
  34  3:04  Drone  
  37  3:11  Drone x2, Overlord  
  39  3:13  Drone  
  39  3:14  Drone  
  39  3:18  Overlord  
  41  3:21  Drone  
  42  3:27  Drone x2  
  42  3:29  Queen  
  46  3:38  Zergling x2  
  46  3:39  Zergling x4  
  49  3:43  Overlord  
  49  3:45  Drone  
  49  3:46  Drone x2, Spore Crawler  
  51  3:51  Drone  
  51  3:53  Overlord  
  52  3:58  Queen  
  52  4:00  Drone  
  52  4:02  Drone, Spore Crawler  
  55  4:04  Drone  
  55  4:07  Drone, Zergling x2  
  58  4:13  Overlord  
  58  4:14  Drone x2  
  58  4:15  Drone  
  61  4:19  Drone x2  
  61  4:20  Drone  
  61  4:23  Spore Crawler  
  63  4:25  Overlord  
  63  4:30  Roach Warren  
  62  4:36  Zergling x10  
  66  4:41  Drone x2  
  66  4:42  Overlord  
  68  4:46  Lair  
  68  4:47  Extractor  
  68  4:49  Extractor  
  68  4:51  Overlord  
  68  4:52  Drone  
  67  4:56  Overlord  
  67  5:02  Drone  
  67  5:03  Drone x5  
  67  5:04  Drone  
  67  5:05  Drone  
  75  5:11  Drone x4  
  79  5:18  Overlord  
  79  5:19  Drone x5  
  84  5:34  Hatchery  
  83  5:35  Queen x2  
  83  5:39  Spore Crawler  
  83  5:41  Drone x3, Spore Crawler  
  87  5:43  Hydralisk Den  
  87  5:46  Evolution Chamber, Spore Crawler  
  87  5:48  Drone  
  87  5:49  Drone, Extractor x2  
  84  5:51  Extractor  
  84  5:52  Drone x3  
  84  5:55  Drone x3  
  89  5:58  Drone  
  89  5:59  Spore Crawler  
  89  6:03  Drone x3  
  92  6:06  Overlord  
  92  6:08  Drone, Spore Crawler  
  92  6:11  Drone x3  
  91  6:14  Drone  
  91  6:16  Muscular Augments  
  91  6:18  Queen  
  92  6:23  Zerg Missile Weapons Level 1  
  92  6:24  Drone x2  
  96  6:27  Baneling Nest  
  96  6:28  Overlord  
  96  6:32  Drone  
  96  6:33  Drone  
  96  6:38  Hydralisk x3  
  103  6:45  Hydralisk x3  
  103  6:46  Spore Crawler  
  108  6:48  Hydralisk  
  108  6:52  Hydralisk x2  
  114  6:58  Hydralisk x2  
  114  6:59  Hydralisk  
  119  7:03  Drone x4  
  119  7:05  Drone x2  
  119  7:07  Overseer x2  
  125  7:09  Drone x2  
  125  7:12  Centrifical Hooks  
  127  7:16  Overlord x2  
  127  7:25  Overlord  
  127  7:27  Grooved Spines  
  123  7:32  Drone x6  
  123  7:34  Unknown  
  123  7:35  Hydralisk  
  128  7:39  Hydralisk x2  
  128  7:41  Hydralisk  
  128  7:44  Hatchery  
  123  7:52  Hydralisk  
  123  7:53  Hydralisk x5  
  125  8:00  Hydralisk x4  
  125  8:04  Hydralisk x2  
  129  8:09  Drone x2  
  129  8:10  Hydralisk x2  
  135  8:13  Hydralisk  
  135  8:14  Hydralisk  
  135  8:15  Hydralisk  
  141  8:21  Hydralisk, Infestation Pit  
  141  8:24  Hydralisk x3  
  148  8:32  Overlord x2  
  149  8:38  Baneling x5  
  149  8:39  Baneling x6  
  148  8:44  Overlord x3  
  148  8:48  Zerg Missile Weapons Level 2  
  148  8:51  Evolution Chamber  
  148  8:52  Spore Crawler, Zergling x8  
  150  9:00  Hive  
  148  9:07  Hydralisk x7  
  162  9:11  Pathogen Glands  
  162  9:14  Overlord  
  162  9:15  Drone x4  
  165  9:17  Extractor  
  165  9:18  Extractor  
  165  9:19  Zerg Ground Armor Level 1  
  165  9:21  Infestor  
  165  9:24  Queen  
  165  9:26  Drone x2  
  165  9:27  Drone  
  165  9:30  Drone x3  
  173  9:31  Hydralisk  
  173  9:33  Infestor  
  173  9:36  Hydralisk  
  179  9:45  Hydralisk x5  
  177  9:51  Hydralisk x3  
  191  9:55  Overlord  
  191  9:57  Queen  
  187  10:08  Overlord  
  187  10:13  Hatchery, Overlord  
  186  10:16  Infestor x3  
  186  10:17  Neural Parasite  
  192  10:26  Hydralisk x2  
  192  10:27  Hydralisk  
  170  10:39  Hydralisk x10  
  170  10:45  Infestor  
  170  10:48  Burrow  
  168  10:54  Hydralisk x3  
  174  10:58  Hydralisk x2  
  174  10:59  Queen x3  
  184  11:06  Zerg Missile Weapons Level 3  
  184  11:12  Hydralisk x4  
  184  11:15  Spore Crawler, Zergling x8  
  195  11:23  Spire  
  195  11:24  Hydralisk  
  195  11:25  Hydralisk x2  
  189  11:51  Infestor x6  
  189  11:52  Spore Crawler  
  180  12:03  Infestor  
  180  12:04  Infestor x2  
  180  12:13  Drone x3  
  180  12:15  Drone  
  184  12:21  Spore Crawler, Zerg Ground Armor Level 2  
  184  12:22  Spore Crawler  
  182  12:23  Infestor x3, Spore Crawler  
  182  12:26  Unknown  
  170  12:44  Corruptor x15  
  190  12:53  Corruptor x6  
  198  13:07  Overseer, Pneumatized Carapace  
  198  13:13  Hatchery  
  198  13:17  Corruptor  
  199  13:24  Hatchery  
  199  13:26  Corruptor  
  198  13:30  Spire  
  197  13:38  Corruptor  
  180  14:20  Corruptor  
  180  14:21  Corruptor x16  
  192  14:26  Corruptor  
  192  14:27  Corruptor x4  
  162  14:32  Corruptor  
  162  14:33  Queen x2  
  152  14:39  Corruptor x2  
  152  14:50  Corruptor x2  
  158  14:53  Infestor x3, Spore Crawler x2  
  158  14:54  Infestor, Corruptor  
  158  14:55  Corruptor  
  158  14:57  Corruptor  
  158  14:59  Corruptor x2  
  149  15:12  Spire  
  143  15:23  Overlord x2  
  143  15:24  Hydralisk x2  
  131  15:34  Hydralisk x2  
  131  15:35  Hydralisk x6  
  121  15:40  Hydralisk  
  121  15:41  Hydralisk  
  103  15:44  Hydralisk  
  97  15:52  Hydralisk x3  
Show
View Real Time Build Order
Export as new Build Order

Creature Protoss - Winner!

Build Orders: 1 Gate Expand, Oracle Opening, Phoenix Opening, Carriers, Mass Phoenix 

Get SALT Encoding   

  12  0:00  Probe  
  13  0:13  Probe  
  14  0:19  Pylon  
  14  0:25  Probe  
  15  0:33  Probe  
  15  0:39  Gateway  
  15  0:41  Probe  
  16  0:48  Assimilator  
  17  0:51  Probe  
  18  1:03  Probe  
  19  1:16  Probe  
  20  1:25  Nexus  
  20  1:37  Cybernetics Core  
  20  1:39  Probe  
  21  1:45  Assimilator  
  21  1:51  Probe  
  22  1:56  Pylon  
  22  2:03  Probe  
  22  2:04  Adept  
  23  2:15  Probe  
  26  2:18  Stargate  
  26  2:27  Probe, Warp Gate  
  27  2:34  Adept  
  29  2:37  Probe  
  29  2:39  Probe  
  31  2:45  Probe  
  31  2:47  Probe  
  32  2:54  Probe  
  32  2:56  Probe  
  32  2:57  Phoenix  
  37  3:05  Probe  
  37  3:09  Probe  
  39  3:13  Assimilator  
  39  3:17  Assimilator, Probe  
  39  3:18  Oracle  
  40  3:21  Probe  
  44  3:28  Gateway  
  44  3:30  Probe  
  46  3:34  Probe  
  46  3:38  Pylon  
  46  3:41  Pylon  
  46  3:52  Stargate  
  46  3:55  Probe  
  46  3:56  Probe  
  46  4:00  Phoenix  
  50  4:03  Probe  
  50  4:08  Probe  
  52  4:11  Probe  
  53  4:20  Probe  
  53  4:22  Probe  
  55  4:25  Phoenix  
  55  4:29  Pylon  
  57  4:32  Probe  
  57  4:34  Probe  
  57  4:37  Phoenix  
  61  4:44  Probe  
  62  4:47  Probe  
  62  4:52  Nexus  
  63  4:54  Phoenix, Pylon  
  63  4:56  Shield Battery, Probe  
  63  4:59  Phoenix, Probe  
  67  5:07  Protoss Air Weapons Level 1  
  67  5:09  Probe  
  67  5:12  Probe  
  71  5:14  Adept  
  71  5:15  Phoenix  
  75  5:21  Probe  
  75  5:24  Probe  
  77  5:34  Pylon  
  77  5:35  Pylon  
  77  5:41  Pylon  
  77  5:43  Phoenix x2  
  77  5:48  Probe  
  78  5:57  Fleet Beacon  
  82  5:58  Probe  
  82  6:01  Assimilator  
  82  6:02  Probe  
  85  6:04  Probe  
  85  6:05  Assimilator  
  85  6:06  Phoenix  
  87  6:12  Phoenix  
  87  6:14  Probe x2  
  87  6:17  Stargate  
  91  6:28  Probe  
  91  6:31  Phoenix, Probe  
  91  6:32  Probe  
  96  6:36  Phoenix, Probe  
  98  6:44  Probe x2  
  98  6:45  Forge  
  98  6:46  Probe  
  101  6:48  Pylon  
  101  6:49  Pylon  
  101  6:51  Anion Pulse-Crystals  
  102  6:56  Phoenix, Probe x2  
  102  7:00  Probe  
  107  7:02  Phoenix x2  
  111  7:10  Probe, Pylon  
  111  7:11  Pylon  
  112  7:15  Pylon  
  112  7:17  Carrier  
  112  7:19  Photon Cannon  
  112  7:21  Shield Battery  
  114  7:24  Carrier  
  120  7:43  Pylon  
  120  7:44  Carrier  
  120  8:10  Carrier  
  120  8:16  Pylon  
  120  8:19  Pylon  
  120  8:24  Protoss Air Weapons Level 2  
  126  8:30  Probe  
  126  8:31  Zealot x2  
  131  8:40  Carrier  
  131  8:42  Nexus  
  131  8:44  Carrier, Shield Battery  
  131  8:46  Shield Battery  
  137  8:50  Photon Cannon  
  137  8:52  Photon Cannon  
  137  8:54  Photon Cannon  
  139  9:05  Carrier  
  139  9:09  Zealot x2  
  147  9:19  Photon Cannon  
  147  9:20  Photon Cannon  
  147  9:21  Shield Battery  
  147  9:22  Nexus, Pylon  
  147  9:23  Pylon  
  147  9:26  Pylon  
  147  9:31  Probe  
  147  9:35  Sentry  
  149  9:42  Carrier, Stargate  
  143  9:51  Carrier  
  149  10:07  Carrier  
  155  10:16  Pylon x2  
  155  10:21  Nexus  
  155  10:23  Pylon  
  155  10:25  Pylon  
  154  10:35  Carrier  
  154  10:39  Carrier  
  143  10:56  Zealot x2  
  153  10:57  Carrier  
  159  11:09  Carrier, Pylon  
  159  11:24  Nexus  
  165  11:26  Pylon  
  165  11:29  Carrier  
  165  11:31  Nexus, Probe  
  165  11:32  Pylon  
  166  11:36  Protoss Air Weapons Level 3  
  169  11:54  Shield Battery  
  169  11:56  Shield Battery  
  169  11:57  Shield Battery  
  169  11:59  Pylon  
  168  12:02  Carrier  
  168  12:08  Carrier  
  179  12:27  Nexus  
  179  12:29  Pylon  
  167  12:51  Carrier  
  167  12:56  Carrier  
  179  13:06  Twilight Council  
  178  13:19  Carrier  
  178  14:17  Carrier  
  166  14:48  Twilight Council  
  166  14:50  Templar Archives  
  142  16:12  High Templar x2  
Tags
 
Add a new tag
Caveats
  • Supply blocks, unpowered buildings, or Contaminate may cause inaccurate times.
  • Supply counts are checked every 10 seconds.